 Dungeon Crawl Stone Soup version 0.32-a0-871-ge202e49faa (webtiles) character file.

Game seed: 12072602086226881062

3339 Autsider the Mimic (level 9, -5/88 HPs)
             Began as a Troll Shapeshifter on Mar 30, 2024.
             Slain by a killer bee (7 damage)
             ... on level 7 of the Dungeon.
             The game lasted 00:12:26 (5237 turns).

Autsider the Mimic (Troll Shapeshifter)             Turns: 5237, Time: 00:12:27

Health: -5/88      AC:  4    Str: 34    XL:     9   Next: 72%
Magic:  8/8        EV:  8    Int:  6    God:
Gold:   781        SH: 10    Dex:  9    Spells: 8/8 levels left

rFire   . .          .
                       - Unarmed
rCold   . . .        p - +2 kite shield {reflect}
rNeg    + . .        a - +0 animal skin
rPois   .            (helmet currently unavailable)
rElec   .            (cloak currently unavailable)
rCorr   .            (gloves unavailable)
SInv    .            (boots unavailable)
Will    .....        G - amulet of regeneration
Stlth   +            s - +6 ring of strength
HPRegen 1.94/turn    H - ring of positive energy
MPRegen 0.11/turn

%: reflection
@: lethally poisoned (-5 -> -8), beast-form, hasted, very quick
A: beast (slay +4), large, unfitting armour, claws 3, regeneration 1, shaggy fur
1, tough skin 1
a: Begin Untransformation


You were on level 7 of the Dungeon.
You were a hulking beast.
You visited 1 branch of the dungeon, and saw 7 of its levels.

You collected 781 gold pieces.

Inventory:

Armour
 a - a +0 animal skin (worn)
 p - a +2 kite shield of reflection (worn)
 E - a scarf of repulsion
Jewellery
 s - a +6 ring of strength (left claw)
 G - an amulet of regeneration (around neck)
 H - a ring of positive energy (right claw)
Talismans
 c - a beast talisman (active)
 d - a flux talisman
 v - a granite talisman
Wands
 x - a wand of polymorph (1)
 F - a wand of charming (7)
Scrolls
 e - 3 scrolls of blinking {unknown}
 f - 2 scrolls of amnesia {unknown}
 g - a scroll of acquirement {unknown}
 h - 3 scrolls of teleportation {unknown}
 i - a scroll of enchant weapon {unknown}
 j - 9 scrolls of identify {unknown}
 l - 4 scrolls of fog {unknown}
 n - a scroll of noise {unknown}
 o - 2 scrolls of immolation {unknown}
 t - a scroll of brand weapon {unknown}
 u - a scroll of silence {unknown}
 y - a scroll of fear {unknown}
 B - a scroll of summoning {unknown}
 C - a scroll of poison {unknown}
 D - a scroll of vulnerability {unknown}
Potions
 b - a potion of lignification
 k - a potion of magic {unknown}
 m - a potion of might
 q - a potion of invisibility {unknown}
 r - a potion of haste
 w - a potion of cancellation
 z - a potion of resistance {unknown}
 A - a potion of curing {unknown}


   Skills:
 + Level 5.1 Fighting
 - Level 1.5 Dodging
 + Level 5.1 Shields
 + Level 7.4 Unarmed Combat
 * Level 8.4 Shapeshifting


You had 8 spell levels left.
You didn't know any spells.
Your spell library contained the following spells:

 Spells                   Type           Power      Damage    Failure   Level
 Shock                    Conj/Air       0%         1d3       63%         1
 Blink                    Tloc           0%         N/A       77%         2
 Ensorcelled Hibernation  Hex/Ice        0%         N/A       77%         2
 Lesser Beckoning         Tloc           0%         N/A       77%         2
 Momentum Strike          Conj/Tloc      0%         3d8       77%         2
 Dazzling Flash           Conj/Hex       0%         N/A       94%         3
 Fugue of the Fallen      Necr           0%         N/A       94%         3
 Hailstorm                Conj/Ice       0%         3d5       94%         3
 Mephitic Cloud           Conj/Alch/Air  0%         N/A       94%         3
 Summon Ice Beast         Ice/Summ       0%         N/A       94%         3
 Tukima's Dance           Hex            0%         N/A       94%         3
 Anguish                  Hex/Necr       0%         N/A       100%        4
 Dimensional Bullseye     Hex/Tloc       0%         N/A       100%        4
 Iskenderun's Mystic Bla Conj/Tloc 0%             2d3        (+2d1     100%        4
 Vhi's Electric Charge    Tloc/Air       0%         N/A       100%        4
 Curse of Agony           Necr           0%         N/A       100%        5
 Silence                  Hex/Air        0%         N/A       100%        5
 Permafrost Eruption      Ice/Erth       0%         2x4d2     100%        6
 Sculpt Simulacrum        Ice/Alch       0%         N/A       100%        6
 Manifold Assault         Tloc           0%         N/A       100%        7
 Maxwell's Capacitive Co  Air            0%         ∞         100%        8


Dungeon Overview and Level Annotations

Branches:
Dungeon (7/15)             Temple (0/1) D:5

Altars:
Dithmenos
Elyvilon
Gozag
Nemelex Xobeh
Ru
Sif Muna
Uskayaw
Vehumet
Xom
Yredelemnul
The Shining One

Shops:
D:7 [

Annotations:
D:6 exclusion: statue


Innate Abilities, Weirdness & Mutations

You are a hulking beast.
Your limbs bulge with bestial killing power. (Slay +4)
You are too large for most types of armour.
You have claws for hands.
Your natural rate of healing is unusually fast.
You are covered in fur. (AC +1)
You have tough skin. (AC +1)


Message History

* * * LOW HITPOINT WARNING * * *
You block the killer bee's attack.
You closely miss the killer bee.
You feel very sick.
The killer bee stings you but does no damage. x2
You hit the killer bee.
The killer bee is lightly wounded.
You feel very sick.
The killer bee stings you but does no damage. x2
The killer bee stings you.
* * * LOW HITPOINT WARNING * * *
The killer bee stings you.
* * * LOW HITPOINT WARNING * * *
It was a potion of might.
You feel very mighty all of a sudden.
You feel sick. You block the killer bee's attack. x2
The killer bee stings you but does no damage.
The killer bee stings you.
* * * LOW HITPOINT WARNING * * *
It was a potion of cancellation.
Your magical effects are unravelling.
You feel magically purged.
You feel less wooden.
Your +0 animal skin unmelds from your body.
You turn into a hulking beast.
You feel a little less mighty now.
You feel sick.
The killer bee stings you but does no damage.
The killer bee stings you.
* * * LOW HITPOINT WARNING * * *
You are more poisoned.
The killer bee poisons you! You block the killer bee's attack.
The killer bee closely misses you.
It was a potion of haste.
You feel yourself speed up.
* * * LOW HITPOINT WARNING * * *
You feel very sick. The killer bee stings you.
* * * LOW HITPOINT WARNING * * *
You block the killer bee's attack. x2; The killer bee stings you!
You die...

...........#
.........###
........##
.........#
........##
.........#
.........#
.........###
.........yh#
...#.....y##
...##.....#
.. #......#
#..#...#
#####...
#...# ....#
$..##


You could see 2 killer bees.

Vanquished Creatures
  Pikel (D:4)
  2 steam dragons (D:6)
  Menkaure (D:4)
  2 water moccasins
  3 ice beasts
  3 black bears (D:6)
  2 sky beasts (D:7)
  An ogre (D:5)
  A centaur (D:7)
  2 lemures (D:4)
  3 phantoms
  Blork the orc (D:4)
  A gnoll sergeant (D:6)
  3 scorpions
  A killer bee (D:7)
  4 hounds
  2 jellies
  2 bombardier beetles
  An orc priest (D:5)
  2 sleepcaps (D:6)
  Terence (D:2)
  6 iguanas
  2 orc wizards
  A gnoll (D:5)
  12 adders
  3 shadow imps
  2 ufetubi (D:5)
  2 dart slugs
  3 ribbon worms (D:2)
  21 orcs
  4 bats
  6 endoplasms
  3 giant cockroaches
  7 goblins
  10 hobgoblins
  2 jackals (D:2)
  4 quokkas
  4 ball pythons
  10 frilled lizards
  6 kobolds
  2 rats
149 creatures vanquished.

Vanquished Creatures (others)
  A kobold (D:4)
1 creature vanquished.

Grand Total: 150 creatures vanquished

Notes
Turn   | Place    | Note
-------+----------+-------------------------------------------
     0 | D:1      | Autsider the Troll Shapeshifter began the quest for the
                  | Orb.
     0 | D:1      | Reached XP level 1. HP: 18/18 MP: 0/0
    86 | D:1      | Reached skill level 1 in Fighting
   162 | D:1      | Reached XP level 2. HP: 27/27 MP: 1/1
   238 | D:1      | Got the Treatise on Blustery Direction
   614 | D:1      | Reached XP level 3. HP: 33/33 MP: 2/2
   737 | D:2      | Noticed Terence
   753 | D:2      | Killed Terence
   754 | D:2      | Reached XP level 4. HP: 23/41 MP: 3/3
  1536 | D:3      | Found a shimmering altar of Xom.
  1555 | D:3      | Found a sparkling altar of Nemelex Xobeh.
  1736 | D:3      | Reached XP level 5. HP: 49/49 MP: 4/4
  1872 | D:3      | Found a white marble altar of Elyvilon.
  2008 | D:3      | Found a basalt altar of Yredelemnul.
  2081 | D:4      | Noticed Blork the orc
  2126 | D:4      | Killed Blork the orc
  2127 | D:4      | Reached skill level 4 in Shapeshifting
  2229 | D:4      | Noticed Menkaure
  2238 | D:4      | Killed Menkaure
  2239 | D:4      | Reached skill level 1 in Shields
  2239 | D:4      | Reached XP level 6. HP: 39/59 MP: 5/5
  2273 | D:4      | Reached skill level 5 in Unarmed Combat
  2305 | D:4      | Found a glowing golden altar of the Shining One.
  2537 | D:4      | Noticed Pikel
  2564 | D:4      | Killed Pikel
  2565 | D:4      | Reached skill level 5 in Shapeshifting
  2565 | D:4      | Reached XP level 7. HP: 50/67 MP: 6/6
  2808 | D:5      | Entered Level 5 of the Dungeon
  2847 | D:5      | Found a staircase to the Ecumenical Temple.
  2964 | D:5      | Reached XP level 8. HP: 60/75 MP: 7/7
  3146 | D:5      | Reached skill level 6 in Shapeshifting
  3736 | D:6      | Found an opulent altar of Gozag.
  3813 | D:6      | Reached skill level 7 in Shapeshifting
  3814 | D:6      | Found a radiant altar of Vehumet.
  4031 | D:6      | Reached XP level 9. HP: 60/85 MP: 8/8
  4402 | D:6      | Reached skill level 8 in Shapeshifting
  4956 | D:7      | Reached skill level 5 in Fighting
  4969 | D:7      | Reached skill level 5 in Shields
  5010 | D:7      | Found a sacrificial altar of Ru.
  5013 | D:7      | Found a hide-covered altar of Uskayaw.
  5016 | D:7      | Found a shadowy altar of Dithmenos.
  5053 | D:7      | Found Vohaetuk's Armour Shoppe.
  5083 | D:7      | Found a shimmering blue altar of Sif Muna.
  5237 | D:7      | HP: 4/88 [poisoned by a killer bee]
  5237 | D:7      | Slain by a killer bee

Illustrated notes

Levels and vault maps discovered:
D:1:      minmay_arrival_open_corners, layout_loops_ring,
          chequers_serial_rivers_micro_a, minmay_misc_feat_chi
D:2:      layout_loops_corners, uniq_terence
D:3:      layout_rooms, kennysheep_ying_yang, nemelex_xobeh_ov_fountains_minmay,
          mainiacjoe_overflow_six_doors_small
D:4:      layout_loops_ring, amcnicky_altar_gilded, uniq_menkaure, uniq_pikel,
          uniq_blork_the_orc
D:5:      minmay_opposing_rooms, layout_loops_ring,
          minmay_temple_entry_sparse_star
D:6:      minmay_polygon_palace, layout_loops_corners, grunt_gozag_statues,
          vehumet_statue
D:7:      layout_cave_pools, minmay_overflow_temple_star_quad,
          hellmonk_sif_muna_bookshelves, serial_shops,
          nicolae_shop_rolling_square, st_stairs_6, roderic_serpentine_path

Skill      XL: |  1  2  3  4  5  6  7  8  9 |
---------------+----------------------------+-----
Fighting       | 1 2 3 4 5 |  5.1
Unarmed Combat | 4 5 6 7 |  7.4
Shapeshifting  | 4 5 7 8 |  8.4
Shields        | 1 2 4 5 |  5.1
Dodging        | |  1.5

Action                     |  1- 3 |  4- 6 |  7- 9 || total
---------------------------+-------+-------+-------++-------
  Melee: Unarmed           |    61 |   117 |   211 ||   389
    Use: Potion            |       |       |     4 ||     4
   Stab: Sleeping          |       |     1 |       ||     1
 Armour: Animal skin       |    32 |    51 |   136 ||   219
         Skin              |       |       |    17 ||    17
  Dodge: Dodged            |    21 |    30 |    51 ||   102
  Block: Kite shield       |       |    30 |   122 ||   152
         Reflection        |       |     2 |       ||     2

Table legend: (Time is in decaauts)
 A = Elapsed time spent in this place.
 B = Non-inter-level travel time spent in this place.
 C = Inter-level travel time spent in this place.
 D = Time resting spent in this place.
 E = Time spent auto-exploring this place.
 F = Levels seen in this place.
 G = Mean time per level.
                   A        B        C        D        E       F      G
               +--------+--------+--------+--------+--------+-----+--------+
         Total |   5230 |   5021 |    209 |    150 |   3980 |   7 |  747.1 |
       Dungeon |   5230 |   5021 |    209 |    150 |   3980 |   7 |  747.1 |
               +--------+--------+--------+--------+--------+-----+--------+

Top non-repeatable levels by time:
     D:6: 1213 daAuts
     D:5: 927 daAuts
     D:2: 882 daAuts
     D:4: 722 daAuts
     D:1: 640 daAuts
     D:3: 560 daAuts
     D:7: 283 daAuts
